 Dungeon Crawl Stone Soup version 0.25-a0-310-g60f0ac2d9a (webtiles) character file.

Game seed: 5710959066690460189, levelgen mode: classic

612 Borgoz the Chopper (level 7, 0/41 HPs)
             Began as a Gargoyle Monk on Dec 23, 2019.
             Slain by a sky beast (3 damage)
             ... on level 4 of the Dungeon.
             The game lasted 00:05:51 (3624 turns).

Borgoz the Chopper (Gargoyle Monk)                  Turns: 3624, Time: 00:05:52

Health: 0/41       AC: 13    Str: 14    XL:     7   Next: 44%
Magic:  7/7        EV: 12    Int: 11    God:
Gold:   194        SH:  5    Dex: 14    Spells: 6/6 levels left

rFire    . . .     SeeInvis .   a - +0 hand axe
rCold    + . .     Gourm    .   g - +0 buckler
rNeg     + . .     Faith    .   p - +0 ring mail {rC+}
rPois    ∞         Spirit   .   i - +0 helmet
rElec    +         Reflect  .   q - +0 cloak
rCorr    .         Harm     .   (no gloves)
MR       .....                  (no boots)
Stlth    +.........             (no amulet)
HPRegen  0.13/turn              (no ring)
MPRegen  0.10/turn              (no ring)

@: no status effects
A: negative energy resistance 1, electricity resistance, unbreathing,
petrification resistance, rot immunity, AC +4
a: no special abilities


You were on level 4 of the Dungeon.
You were not hungry.

You visited 1 branch of the dungeon, and saw 5 of its levels.

You collected 194 gold pieces.

Inventory:

Hand Weapons
 a - a +0 hand axe (weapon)
Missiles
 j - 2 throwing nets (quivered)
Armour
 g - a +0 buckler (worn)
 i - a +0 helmet (worn)
 p - a +0 ring mail of cold resistance (worn)
 q - a +0 cloak (worn)
Wands
 e - a wand of random effects (24)
 m - a wand of acid (4)
 n - a wand of iceblast (9)
Scrolls
 b - a scroll of fog {unknown}
 d - a scroll of amnesia {unknown}
 f - a scroll of teleportation {unknown}
 o - a scroll of identify {unknown}
 r - a scroll of enchant weapon {unknown}
 t - a scroll of magic mapping {unknown}
Potions
 h - 2 potions of resistance {unknown}
 k - 2 potions of curing
 l - 2 potions of degeneration {unknown}
 s - a potion of flight {unknown}
 u - a potion of ambrosia {unknown}
 v - a potion of lignification {unknown}
 w - a potion of cancellation {unknown}
 x - a potion of mutation {unknown}
Comestibles
 c - 3 rations
 z - 2 chunks of flesh


   Skills:
 + Level 3.3 Fighting
 + Level 4.5 Axes
 + Level 4.0 Armour
 + Level 4.1 Dodging
 - Level 2.1 Stealth
 + Level 3.6 Shields


You had 6 spell levels left.
You didn't know any spells.
Your spell library was empty.

Dungeon Overview and Level Annotations

Branches:
Dungeon (5/15)
 Temple: D:4-7

Altars:
Sif Muna


Innate Abilities, Weirdness & Mutations

You are resistant to torment.
Your stone body is resilient. (AC +4)
You are immune to poison.
You resist negative energy. (rN+)
You are resistant to electric shocks. (rElec)
You can survive without breathing.
You are immune to petrification.
You are immune to rotting.


Message History

Something hits you but does no damage.
You barely miss the gnoll.
The gnoll is moderately wounded.
You closely miss something. The gnoll hits you with a +0 flail.
* * * LOW HITPOINT WARNING * * *
Something hits you but does no damage.
Unknown command.
Your ring mail prevents you from hitting the gnoll.
The gnoll is moderately wounded.
You closely miss something. The gnoll hits you but does no damage.
Something hits you but does no damage.
You slash the gnoll!
You kill the gnoll!
You closely miss something. Something hits you but does no damage.
You miss something. Something hits you.
* * * LOW HITPOINT WARNING * * *
Something shocks you. You resist.
* * * LOW HITPOINT WARNING * * *
You miss something. Something hits you.
You die...

#.#..............##.............
##.#..............#..............
...#..............#..............
##[[[.........#.................#
##.<.##########.##.##.........#.#
...))#...######.##.##......##.#..
........((......##.##.....###.###
....##......##.)##.###........# #
................@{.###....##..###
..####..[....##))†...............
........#....#########........###
.......)...#..................#.#
..#####.#..#.######.###.#........
..# #...........#.......#......##
..###.####...####.#.#............
.............##_###.#.###........
............##.#.##.........#####


There were no monsters in sight!

Vanquished Creatures
  Sigmund (D:3)
  A phantom (D:4)
  An orc priest (D:4)
  An orc wizard (D:4)
  3 worker ants (D:4)
  Robin (D:2)
  7 adders
  2 gnolls (D:4)
  An ooze (D:1)
  4 worms (D:2)
  5 dart slugs
  4 leopard geckos
  11 orcs
  11 bats
  3 giant cockroaches
  17 goblins
  12 hobgoblins
  8 jackals
  3 kobolds
  2 quokkas (D:4)
  4 ball pythons
  4 frilled lizards
  10 rats
116 creatures vanquished.

Vanquished Creatures (others)
  2 plants (D:4)
2 creatures vanquished.

Grand Total: 118 creatures vanquished

Notes
Turn   | Place    | Note
-------+----------+-------------------------------------------
     0 | D:1      | Borgoz the Gargoyle Monk began the quest for the Orb.
     0 | D:1      | Reached XP level 1. HP: 14/14 MP: 1/1
   406 | D:1      | Reached XP level 2. HP: 19/19 MP: 2/2
   414 | D:1      | Reached skill level 1 in Armour
   677 | D:1      | Reached XP level 3. HP: 18/23 MP: 3/3
  1346 | D:2      | Noticed Robin
  1363 | D:2      | Killed Robin
  1363 | D:2      | Reached skill level 1 in Shields
  1363 | D:2      | Reached XP level 4. HP: 26/28 MP: 4/4
  1645 | D:2      | You fall into a shaft and drop 1 floor!
  1739 | D:3      | Reached XP level 5. HP: 21/32 MP: 5/5
  1898 | D:3      | Noticed Sigmund
  1919 | D:3      | Killed Sigmund
  1919 | D:3      | Reached XP level 6. HP: 25/37 MP: 6/6
  2751 | D:4      | Reached XP level 7. HP: 38/41 MP: 7/7
  3126 | D:4      | Found a shimmering blue altar of Sif Muna.
  3470 | D:5      | Entered Level 5 of the Dungeon
  3624 | D:4      | Slain by a sky beast

Levels and vault maps discovered:
D:1:      lemuel_arrival_tunnels, layout_basic
D:2:      layout_rooms, uniq_robin
D:3:      layout_basic, uniq_sigmund
D:4:      layout_basic, marbit_many_paths, saegor_snake_ambush
D:5:      layout_basic, first_ration, uniq_grinder

Skill      XL: |  1  2  3  4  5  6  7 |
---------------+----------------------+-----
Armour         | 1 2 3 4 |  4.0
Axes           | 3 4 |  4.5
Shields        | 1 2 3 |  3.6
Dodging        | 3 4 |  4.1
Fighting       | |  3.3
Stealth        | |  2.1

Action                   |  1- 3 |  4- 6 |  7- 9 || total
-------------------------+-------+-------+-------++-------
Melee: Hand axe          |   107 |   272 |   149 ||   528
Throw: Throwing net      |       |     2 |       ||     2
  Use: Potion            |     2 |       |     1 ||     3
 Stab: Sleeping          |     3 |     2 |       ||     5
  Eat: Chunk             |     1 |     6 |     3 ||    10
Armor: Robe              |    45 |    33 |       ||    78
       Ring mail         |       |    87 |    93 ||   180
Dodge: Dodged            |    74 |   177 |   103 ||   354
Block: Buckler           |    10 |    62 |    41 ||   113

Table legend:
 A = Non-vault XP
 B = Vault XP
 C = Vault XP percentage of total XP
 D = Non-vault monster count
 E = Vault monster count
 F = Vault count percentage of total count
                 A         B        C        D         E       F
            +---------+---------+-------+---------+---------+-------
      Total |     597 |     278 |  31.8 |      98 |      18 |  15.5
            +---------+---------+-------+---------+---------+-------
        D:1 |      46 |       0 |   0.0 |      23 |       0 |   0.0
        D:2 |      75 |      39 |  34.2 |      21 |      13 |  38.2
        D:3 |      90 |     220 |  71.0 |      25 |       1 |   3.8
        D:4 |     386 |      19 |   4.7 |      29 |       4 |  12.1
            +---------+---------+-------+---------+---------+-------
